 Dungeon Sprint DCSS version 0.20-a0-251-g16a58bf (webtiles) character file.

1096 Dfrag the Fighter (level 8, -1/57 HPs)
             Began as a Gargoyle Fighter on Nov 30, 2016.
             Was an Initiate of Gozag.
             Slain by a manticore (10 damage)
             ... in the Dungeon (Sprint IX: "|||||||||||||||||||||||||||||").
             The game lasted 00:01:03 (472 turns).

Dfrag the Fighter (Gargoyle Fighter)                 Turns: 472, Time: 00:01:05

Health: -1/57      AC: 24    Str: 23    XL:     8   Next: 31%
Magic:  8/8        EV: 11    Int: 12    God:    Gozag
Gold:   486        SH: 12    Dex: 11    Spells: 7/7 levels left

rFire  . . .     SeeInvis .     o - +2 morningstar (protect)
rCold  . . .     Gourm    .     r - +1 scale mail
rNeg   + . .     Faith    .     c - +0 shield
rPois  ∞         Spirit   .     p - +0 helmet
rElec  +         Reflect  .     (no cloak)
rCorr  .         Harm     .     (no gloves)
MR     .....     NoTele   +     q - +0 pair of boots
Stlth  ..........               (no amulet)
                                s - +3 ring of strength
                                t - +3 ring of intelligence

@: exhausted, gold aura, protection aura, slowed, very slow
A: negative energy resistance 1, electricity resistance, unbreathing,
petrification resistance, rot immunity, AC +5
a: Potion Petition, Call Merchant, Bribe Branch, Renounce Religion


You were in the Dungeon.
You worshipped Gozag.
Gozag was aware of your devotion.
You were not hungry.

You visited 1 branch You collected 486 gold pieces.

Inventory:

Hand Weapons
 a - a +0 flail
 o - a +2 morningstar of protection (weapon)
Armour
 b - a +0 scale mail
 c - a +0 shield (worn)
 p - a +0 helmet (worn)
 q - a +0 pair of boots (worn)
 r - a +1 scale mail (worn)
Jewellery
 s - a +3 ring of strength (right hand)
 t - a +3 ring of intelligence (left hand)
Wands
 n - a wand of acid (7/15)
Scrolls
 k - 2 scrolls of blinking
 l - 3 scrolls of remove curse
 m - 2 scrolls of amnesia
Potions
 d - a potion of invisibility
 e - 5 potions of curing
 g - 2 potions of heal wounds
 h - a potion of haste
 i - 4 potions of magic
Comestibles
 f - a bread ration


   Skills:
 + Level 9.8 Fighting
 + Level 8.6 Maces & Flails
 + Level 9.8 Armour
 + Level 5.0 Dodging
 + Level 9.7 Shields


You had 7 spell levels left.
You didn't know any spells.

Dungeon Overview and Level Annotations

Branches:
Dungeon (1/1)

Altars:
Cheibriados
Dithmenos
Elyvilon
Fedhas
Gozag
Hepliaklqana
Kikubaaqudgha
Makhleb
Nemelex Xobeh
Okawaru
Qazlal
Ru
Sif Muna
Trog
Uskayaw
Vehumet
Xom
Yredelemnul
Zin
The Shining One
Beogh
Jiyva
Lugonu


Innate Abilities, Weirdness & Mutations

You are resistant to torment.
Your stone body is resilient. (AC +5)
You are immune to poison.
You resist negative energy. (rN+)
You are resistant to electric shocks. (rElec)
You can survive without breathing.
You are immune to petrification.
You are immune to rotting.


Message History

You barely miss the manticore.
The manticore is severely wounded.
You are no longer berserk.
You are exhausted.
You feel yourself slow down. You block the manticore's attack.
The manticore barely misses you. The manticore closely misses you.
You hit the manticore.
The manticore is severely wounded.
You block the manticore's attack.
The manticore claws you but does no damage.
You block the manticore's attack.
You sock the manticore!
The manticore is almost dead.
The manticore bites you.
* * * LOW HITPOINT WARNING * * *
The manticore closely misses you. You block the manticore's attack.
The tengu warrior is distracted by the nearby gold.
The manticore bites you!
You die...
Your body crumbles into a pile of gold. $$$$$ $ $ $ $$$$ $ ▓▓▓▓▓▓▓▓▓▓▓▓▓▓▓▓▓▓▓▓▓▓▓▓ +..OZQH@......'.....)|.. ▓▓▓▓▓▓▓▓▓▓▓▓▓▓▓▓▓▓▓▓▓▓▓▓

You could see a tengu warrior (unaware), a manticore, a two-headed ogre and an adder zombie.

Vanquished Creatures
  A hill giant (D)
  A troll (D)
  A wyvern (D)
  A necrophage (D)
  An ogre (D)
  An ice beast (D)
  A hound (D)
  An adder (D)
  2 adder skeletons (D)
  A bat (D)
  2 goblins (D)
  A jackal (D)
  2 frilled lizards (D)
  A quokka skeleton (D)
  A rat (D)
18 creatures vanquished.

Notes
Turn   | Place    | Note
-------+----------+-------------------------------------------
     0 | D        | Dfrag the Gargoyle Fighter began the quest for the Orb.
     0 | D        | Reached XP level 1. HP: 14/14 MP: 1/1
    25 | D        | Noticed an ice beast
    25 | D        | Noticed an ogre
    25 | D        | Noticed a hound
    34 | D        | Killed a hound
    34 | D        | Reached XP level 2. HP: 18/20 MP: 2/2
    34 | D        | Reached XP level 3. HP: 22/24 MP: 3/3
    37 | D        | Killed an ogre
    37 | D        | Reached skill level 5 in Maces & Flails
    37 | D        | Reached XP level 4. HP: 19/32 MP: 4/4
    37 | D        | Reached XP level 5. HP: 21/36 MP: 5/5
    57 | D        | Killed an ice beast
    67 | D        | Found a roughly hewn altar of Beogh.
    67 | D        | Found a snail-covered altar of Cheibriados.
    67 | D        | Found a shadowy altar of Dithmenos.
    67 | D        | Found a white marble altar of Elyvilon.
    67 | D        | Found a blossoming altar of Fedhas.
    67 | D        | Found an opulent altar of Gozag.
    68 | D        | Found a hazy altar of Hepliaklqana.
    69 | D        | Found a viscous altar of Jiyva.
    70 | D        | Found an ancient bone altar of Kikubaaqudgha.
    71 | D        | Found a corrupted altar of Lugonu.
    72 | D        | Found a burning altar of Makhleb.
    73 | D        | Found a sparkling altar of Nemelex Xobeh.
    74 | D        | Found an iron altar of Okawaru.
    75 | D        | Became a worshipper of Gozag Ym Sagoz the Greedy
    76 | D        | Found a stormy altar of Qazlal.
    77 | D        | Found a sacrificial altar of Ru.
    78 | D        | Found a deep blue altar of Sif Muna.
    79 | D        | Found a bloodstained altar of Trog.
    80 | D        | Found a hide-covered altar of Uskayaw.
    81 | D        | Found a radiant altar of Vehumet.
    82 | D        | Found a shimmering altar of Xom.
    83 | D        | Found a basalt altar of Yredelemnul.
    84 | D        | Found a glowing silver altar of Zin.
    85 | D        | Found a glowing golden altar of the Shining One.
   291 | D        | Noticed a necrophage
   291 | D        | Noticed a troll
   299 | D        | Killed a troll
   299 | D        | Reached XP level 6. HP: 22/44 MP: 6/6
   306 | D        | Killed a necrophage
   306 | D        | Reached XP level 7. HP: 26/50 MP: 7/7
   451 | D        | Noticed a two-headed ogre
   451 | D        | Noticed a tengu warrior
   451 | D        | Noticed a manticore
   451 | D        | Noticed a hill giant
   451 | D        | Noticed a wyvern
   461 | D        | Killed a hill giant
   461 | D        | Reached XP level 8. HP: 32/56 MP: 8/8
   464 | D        | Killed a wyvern
   464 | D        | Reached skill level 5 in Dodging
   472 | D        | Slain by a manticore

Vault maps used:
D:        linesprint

Skill      XL: |  1  2  3  4  5  6  7  8 |
---------------+-------------------------+-----
Fighting       | 4 6 8 9 |  9.8
Maces & Flails | 3 5 7 8 |  8.6
Armour         | 4 6 8 9 |  9.8
Shields        | 4 6 8 9 |  9.7
Dodging        | 2 3 4 5 |  5.0

Action                   |  1- 3 |  4- 6 |  7- 9 || total
-------------------------+-------+-------+-------++-------
Melee: Flail             |    24 |    22 |       ||    46
       Morningstar       |       |    14 |    31 ||    45
  Use: Potion            |     2 |       |     1 ||     3
Armor: Scale mail        |     5 |    22 |     9 ||    36
Dodge: Dodged            |     6 |    10 |    11 ||    27
Block: Shield            |    13 |    21 |    13 ||    47
